Introsp3ctive, lawful male human Priest --------- --- ##........| .| |.......| ------ -------- -.| |....<..| |....| |...|.. |.| ##-.......| |.... |...|.. |.| ....----- | --|-----|...||------- |. #### |..)...|..|...|)|..|%!| |.| ### | ----.|..||.-..|..|%%| .| ## ` |..-.-|--(.{...|.|I.| |. # --.-- |..|...`.*.......-|-- |.| #|...| ---||---.-(--[--......| |.| ## ....| |..(|.-..|.(|--|----- -|.| #-...| |(((|.|..|..|....|#(| -.| ###----- |((.|.---|!!|....|..| |.| # | - ------..{.---------+------.-#### |.....(.*......................| -------------------------------- Introsp3ctive the Adept Experience level: 6 Strength: 11 Dexterity: 15 Constitution: 16 Intelligence: 8 Wisdom: 18 Charisma: 9 Health: 0(58) Energy: 83(83) Def: 9 Gold: 152 Moves: 3132 Dungeon seed: pu_HFr1MN9df-fLG Game ID: Introsp3ctive_1467553308 Your Inventory: Coins $ - 152 gold pieces Weapons a - a blessed +1 mace (weapon in hand) B - an uncursed +2 crossbow (alternate weapon; not wielded) C - 7 blessed +0 crossbow bolts (in quiver) F - 5 uncursed +0 crossbow bolts H - an uncursed +0 dagger named <> Armor e - a blessed +0 robe (being worn) n - an uncursed +0 small shield (being worn) q - an uncursed +0 scale mail (being worn) r - an uncursed +0 pair of low boots (being worn) z - an uncursed +0 orcish helm (being worn) Comestibles c - an uncursed partly eaten clove of garlic d - an uncursed sprig of wolfsbane Spellbooks g - an uncursed spellbook of healing Potions b - 4 potions of holy water Tools l - an uncursed tin whistle t - an uncursed brass lantern (lit) (0:295) A - an uncursed towel K - an uncursed skeleton key Spells and supernatural/magical abilities: Name Level Category Fail Memory h - healing 1 healing 49% 85% j - jumping 1 escape 67% 92% K - cure sickness 3 healing 100% 85% W - pray for help -- divine ? -- X - turn undead -- divine ? -- Your skills at the end: Fighting Skills Weapon Skills mace [Basic] Spellcasting Skills clerical spells [Basic] Final Attributes: You were piously aligned. You are dead. Vanquished creatures: a small mimic a leprechaun an imp 2 Mordor orcs 6 gnome lords 2 gnomish wizards a dwarf a rabid rat 2 orc zombies a werejackal 2 acid blobs a hobbit 4 manes a large kobold 8 giant rats a brown mold 17 gnomes 2 garter snakes 2 geckos 2 foxes 2 kobolds 3 goblins 5 sewer rats a grid bug 3 lichens a kobold zombie 4 newts 77 creatures vanquished. Voluntary challenges: You had been an atheist until turn 1973. You used a wielded weapon 80 times, starting on turn 18. You read items or engraved 7 times, starting on turn 1493. You never genocided any monsters. You never polymorphed an object. You never changed form. You used no wishes. You never split a pudding. You never wrote Elbereth's name. You never violated your personal moral code. Dungeon overview: The Dungeons of Doom: levels 1 to 4 Level 1 some fountains a long staircase Level 2 some fountains, a sink stairs to The Gnomish Mines Level 3 a fountain Level 4 a general store, a fountain The Gnomish Mines: levels 3 to 6 Level 3 stairs to The Dungeons of Doom Level 4 Level 5 Level 6 <- You were here some shops, some fountains, a sink History has recorded: On T:1 you entered the Dungeons of Doom to retrieve the Amulet of Yendor! On T:284 you advanced to experience level 2. On T:417 you reached level 2 of The Dungeons of Doom. On T:467 you reached level 3 of The Dungeons of Doom. On T:734 you advanced to experience level 3. On T:763 you reached level 1 of The Gnomish Mines. On T:1289 you advanced to experience level 4. On T:1317 you reached level 4 of The Dungeons of Doom. On T:1643 you advanced to experience level 5. On T:2505 you reached level 2 of The Gnomish Mines. On T:2547 you advanced to experience level 6. On T:2819 you reached level 3 of The Gnomish Mines. On T:2959 you reached level 4 of The Gnomish Mines. Score breakdown: Gold: 152 ( 7431 points) Experience: 6 levels (12456 points) Exploration: 6 levels ( 13.04%) (10000 points) Discoveries: 6 items ( 2.02%) ( 4264 points) Valuables value: (no points given unless you survive) Artifact value: 0 ( 0 points) Variety of kills: 27 monsters ( 7.09%) ( 7986 points) Turncount: 3132 turns ( -663 points) Survival: died (score multiplied by 80%) Total score: 33179 Latest messages: You faint from lack of food. You come to. There are a few objects here. (2x) "Hello, Introsp3ctive! Welcome again to Asidonhopo's general store!" There is an open door here. You see here an uncursed iron skull cap. There is an open door here. You see here an uncursed iron skull cap. You faint from lack of food. You come to. You faint from lack of food. You come to. "The food's not fit for Orcs!" "Hello, Introsp3ctive! Welcome to Pasawahan's delicatessen!" You faint from lack of food. It bites! (2x) You come to. You see here 2 uncursed food rations (480 zorkmids). You faint from lack of food. It bites! (11x) You die... Pasawahan gratefully inherits all your possessions. Final status: Goodbye Introsp3ctive the Priest, killed by a large dog called "Luna Bear", while fainted from lack of food... You died in The Gnomish Mines on dungeon level 6 with 33179 points, and 152 pieces of gold, after 3132 moves. You were level 6 with a maximum of 58 hit points when you died.